 Dungeon Crawl Stone Soup version 0.29.1-1-gd02db6906a (console) character file.

Game seed: 16391424944570683149

6 sentinel the Digger (level 2, 20/20 HPs)
             Began as a Meteoran Earth Elementalist on Sept 28, 2022.
             Quit the game on level 1 of the Dungeon.
             The game lasted 00:00:03 (58 turns).

sentinel the Digger (Meteoran Earth Elementalist)     Turns: 58, Time: 00:00:04

Health: 20/20      AC:  2    Str:  9    XL:     2   Next: 11%
Magic:  3/6        EV: 12    Int: 16    God:
Gold:   0          SH:  0    Dex: 14    Spells: 5/6 levels left

rFire   . . .      SeeInvis .   (no weapon)
rCold   . . .      Faith    .   (no shield)
rNeg    . . .      Spirit   .   a - +0 robe
rPois   .          Reflect  .   (no helmet)
rElec   .          Harm     .   (no cloak)
rCorr   .          Rampage  .   (no gloves)
Will    .....                   (no boots)
Stlth   +.........              (no amulet)
HPRegen 0.06/turn               (no ring)
MPRegen 0.10/turn               (no ring)

@: glowing
A: sense surroundings 1, otherworldly, glowing, explore regen
a: no special abilities


You were on level 1 of the Dungeon.
You visited 1 branch of the dungeon, and saw 1 of its levels.

Inventory:

Armour
 a - a +0 robe (worn)
Scrolls
 c - a scroll of identify {unknown}
Potions
 b - a potion of magic


   Skills:
 + Level 2.5 Dodging
 + Level 1.5 Stealth
 + Level 2.8 Spellcasting
 + Level 1.4 Transmutations
 + Level 3.7 Earth Magic


You had 5 spell levels left.
You knew the following spells:

 Your Spells              Type           Power      Damage    Failure   Level
a - Sandblast             Erth           28%        2d8       4%          1

Your spell library contained the following spells:

 Spells                   Type           Power      Damage    Failure   Level
 Passwall                 Tmut/Erth      8%         N/A       10%         2
 Stone Arrow              Conj/Erth      16%        3d8       26%         3
 Petrify                  Tmut/Erth      10%        N/A       54%         4


Dungeon Overview and Level Annotations

Branches:
Dungeon (1/15) Zot: 538

Altars:


Innate Abilities, Weirdness & Mutations

You passively map a small area around you.
You are easily found by Zot.
You glow in the dark.
You regain HP and MP as you explore.


Message History

Press ? for a list of commands and other information.
Found a staircase leading out of the dungeon.
Unknown command.
Unknown command.
Unknown command.
Unknown command.
As you open the door, it creaks loudly!
Unknown command.
There is an open door here.
You open the door.
There is an open door here.
You open the door.
There is an open door here.
Found a sling and 13 gold pieces.
Unknown command.
An endoplasm and a hobgoblin come into view.
Found 11 gold pieces and a scroll labelled XOMPODO TEPLI.
The hobgoblin shouts!
You hear an angry hiss.
Unknown command.
But you're not safe!
Unknown command.
But you're not safe!
Unknown command.
Found a leather armour.
The endoplasm quivers.
The blast of sand hits the hobgoblin!
You kill the hobgoblin!
Unknown command.
The blast of sand hits the endoplasm!
You kill the endoplasm!
Unknown command.
You can't see any susceptible monsters within range! (Use Z to cast anyway.) Unknown command.
You can't see any susceptible monsters within range! (Use Z to cast anyway.) Unknown command.
No target in view!
No target in view!
You can't see any susceptible monsters within range! (Use Z to cast anyway.) Unknown command.
You can't see any susceptible monsters within range! (Use Z to cast anyway.) Unknown command.
You can't see any susceptible monsters within range! (Use Z to cast anyway.) Unknown command.
You can't see any susceptible monsters within range! (Use Z to cast anyway.) Unknown command.
No target in view!
No target in view!
You can't see any susceptible monsters within range! (Use Z to cast anyway.) Unknown command.
You can't see any susceptible monsters within range! (Use Z to cast anyway.) Unknown command.
You can't see any susceptible monsters within range! (Use Z to cast anyway.) Unknown command.
You can't see any susceptible monsters within range! (Use Z to cast anyway.) Unknown command.
c - a scroll labelled XOMPODO TEPLI Unknown command.
Magic restored.
A ball python comes into view.
The ball python hisses angrily.
Unknown command.
But you're not safe!
Unknown command.
But you're not safe!
Unknown command.
But you're not safe!
Unknown command.
A ball python comes into view.
Found a ring mail.
The ball python hisses angrily.
A rat comes into view.
The blast of sand hits the ball python!
You kill the ball python!
Unknown command.
The blast of sand hits the ball python!
You kill the ball python!
You have reached level 2!
Unknown command.
The blast of sand misses the rat.
Unknown command.
The blast of sand hits the rat!
You kill the rat!
Unknown command.
No target in view!
No target in view!
You can't see any susceptible monsters within range! (Use Z to cast anyway.) Unknown command.
You can't see any susceptible monsters within range! (Use Z to cast anyway.) Unknown command.
You can't see any susceptible monsters within range! (Use Z to cast anyway.) Unknown command.
No target in view!
No target in view!
You can't see any susceptible monsters within range! (Use Z to cast anyway.) Unknown command.
You can't see any susceptible monsters within range! (Use Z to cast anyway.) Unknown command.
You can't see any susceptible monsters within range! (Use Z to cast anyway.) Unknown command.
You can't see any susceptible monsters within range! (Use Z to cast anyway.) Unknown command.
You see here a rat corpse.
Found a robe.
You see here a ball python corpse.
Unknown command.
A ball python comes into view.
Unknown command.
But you're not safe!
Unknown command.
But you're not safe!
Unknown command.
But you're not safe!
Unknown command.
The blast of sand misses the ball python.
The ball python barely misses you. The ball python closely misses you.
The ball python bites you but does no damage.
The ball python grabs you. The ball python constricts you.
Unknown command.
The blast of sand hits the ball python!
You kill the ball python!
Unknown command.
You can't see any susceptible monsters within range! (Use Z to cast anyway.) Unknown command.
You can't see any susceptible monsters within range! (Use Z to cast anyway.) Unknown command.
No target in view!
No target in view!
You can't see any susceptible monsters within range! (Use Z to cast anyway.) Unknown command.
You can't see any susceptible monsters within range! (Use Z to cast anyway.) Unknown command.
You can't see any susceptible monsters within range! (Use Z to cast anyway.) Unknown command.
You can't see any susceptible monsters within range! (Use Z to cast anyway.) Unknown command.
No target in view!
No target in view!
You can't see any susceptible monsters within range! (Use Z to cast anyway.) Unknown command.
You can't see any susceptible monsters within range! (Use Z to cast anyway.) Unknown command.
You can't see any susceptible monsters within range! (Use Z to cast anyway.) Unknown command.
You can't see any susceptible monsters within range! (Use Z to cast anyway.) Unknown command.
Unknown command.
Unknown command.
Unknown command.
Unknown command.
Are you sure you want to abandon this character and quit the game? (Confirm with "yes".)

#.####'####...)..####
### #..........$## *,
#.#.........# * *
#...........# ,
##$.........# *
##..........# * *
#.......†..## , *
#.......††######.##**
*
#.....##....@...?.#,
#.....##............
* *
#.....##..........##
#.....##..[.......#
########..........#
#.....###### #....[#
, #.^...# , , ~


There were no monsters in sight!

Vanquished Creatures
  3 ball pythons (D:1)
  An endoplasm (D:1)
  A hobgoblin (D:1)
  A rat (D:1)
6 creatures vanquished.

Notes
Turn   | Place    | Note
-------+----------+-------------------------------------------
     0 | D:1      | sentinel the Meteoran Earth Elementalist began the quest
                  | for the Orb.
     0 | D:1      | Reached XP level 1. HP: 14/14 MP: 5/5
    42 | D:1      | Reached XP level 2. HP: 20/20 MP: 3/6
    58 | D:1      | Quit the game

Illustrated notes

Levels and vault maps discovered:
D:1:      doesnt_arrival_eight_statues, layout_rooms, serial_bayou_ford_a,
          solitary_fountain, chequers_arboretum

Action                   || total
-------------------------++-------
 Cast: Sandblast         ||     8
Armor: Robe              ||     1
Dodge: Dodged            ||     2
